 Dungeon Crawl Stone Soup version 0.20-a0-309-gcba9277 (webtiles) character file.

1880 Ijustatesigmund the Cleaver (level 9, -1/78 HPs)
             Began as a Hill Orc Monk on Dec 16, 2016.
             Was a Priest of Beogh.
             Slain by a bullfrog (3 damage)
             ... on level 7 of the Dungeon on Dec 19, 2016.
             The game lasted 00:14:47 (5710 turns).

Ijustatesigmund the Cleaver (Hill Orc Monk)         Turns: 5710, Time: 00:14:49

Health: -1/78      AC: 17    Str: 15    XL:     9   Next: 14%
Magic:  13/13      EV:  7    Int: 10    God:    Beogh [***...]
Gold:   227        SH:  5    Dex: 15    Spells: 8/8 levels left

rFire  . . .     SeeInvis .     o - +1 war axe
rCold  . . .     Gourm    .     d - +0 chain mail
rNeg   . . .     Faith    .     h - +0 buckler
rPois  .         Spirit   .     l - +1 helmet
rElec  .         Reflect  .     y - +0 cloak
rCorr  .         Harm     .     e - +0 pair of gloves
MR     .....                    u - +1 pair of boots
Stlth  ..........               (no amulet)
                                v - ring of stealth
                                s - ring of wizardry

@: no status effects
A: no striking features
a: Smiting, Renounce Religion


You were on level 7 of the Dungeon.
You worshipped Beogh.
Beogh was most pleased with you.
You were not hungry.

You visited 1 branch of the dungeon, and saw 7 of its levels.

You collected 274 gold pieces.
You spent 47 gold pieces at shops.

Inventory:

Hand Weapons
 o - a +1 war axe (weapon)
 x - a +2 halberd of venom
 H - a +0 war axe
Missiles
 f - 5 javelins of returning (quivered)
Armour
 d - a +0 chain mail (worn)
 e - a +0 pair of gloves (worn)
 h - a +0 buckler (worn)
 l - a +1 helmet (worn)
 u - a +1 pair of boots (worn)
 y - a +0 cloak (worn)
Jewellery
 s - a ring of wizardry (left hand)
 v - a ring of stealth (right hand)
Wands
 b - a wand of confusion (38/48)
Scrolls
 q - a scroll of remove curse
 r - a scroll of fog
 t - a scroll of blinking
 w - 2 scrolls of magic mapping
 z - a scroll of recharging
 A - 4 scrolls of fear
Potions
 a - a potion of brilliance
 g - 5 potions of curing
 i - 3 potions of mutation
 j - 3 potions of agility
 k - a potion of resistance {unknown}
 m - 3 potions of degeneration {unknown}
 n - 4 potions of lignification {unknown}
 p - a potion of heal wounds {unknown}
 B - a potion of might {unknown}
 C - a potion of invisibility {unknown}
 E - a potion of ambrosia {unknown}
 F - a potion of flight {unknown}
Books
 G - a book of Necromancy

   Spells                             Type                      Level
   a - Pain                           Necromancy                   1
   b - Animate Skeleton               Necromancy                   1
   c - Vampiric Draining              Necromancy                   3
   d - Regeneration                   Charms/Necromancy            3
   e - Animate Dead                   Necromancy                   4
   f - Control Undead                 Necromancy                   4
Comestibles
 c - 5 bread rations
 D - a slice of pizza
 I - 2 chunks of flesh


   Skills:
 + Level 6.9 Fighting
 + Level 9.0 Axes
 + Level 5.6 Armour
 - Level 2.4 Dodging
 - Level 1.5 Stealth
 - Level 4.7 Shields
 + Level 6.0 Invocations


You had 8 spell levels left.
You didn't know any spells.

Dungeon Overview and Level Annotations

Branches:
Dungeon (7/15)             Temple (0/1) D:6

Altars:
Ru
Vehumet
Xom
The Shining One

Shops:
D:5 *   D:6 %

Annotations:
D:7 Joseph


Message History

You see here a sling bullet.
Joseph zaps a wand.
The bolt of lightning hits you!
The bolt of lightning hits your orc warrior.
Found a stone staircase leading up.
You closely miss Joseph. You closely miss the bullfrog.
The bullfrog completely misses you.
Joseph unwields an uncursed hunting sling.
Joseph wields an uncursed quarterstaff.
Joseph hits you with an uncursed quarterstaff.
Your chain mail prevents you from hitting Joseph.
Your chain mail prevents you from hitting the bullfrog.
You block the bullfrog's attack.
The bullfrog hits you but does no damage.
You slash Joseph!
Joseph is lightly wounded.
You closely miss the bullfrog.
Joseph zaps a wand.
The bolt of lightning hits you!
* * * LOW HITPOINT WARNING * * *
The bullfrog hits you.
You die...

#.##..#
#(##..######.#
#.##.........#
#.###.########
#.# #.# #. #.#
#(#######..
#####.(........
.......F@o...#.
.........@.#.#
#..#######....
#. ...... #
..... .....
.... <#..


You could see Joseph, a bullfrog and a friendly orc warrior.

Vanquished Creatures
  A hippogriff (D:7)
  Prince Ribbit (D:5)
  Sigmund (D:2)
  Duvessa (D:5)
  A centaur (D:6)
  A big kobold (D:5)
  Blork the orc (D:4)
  2 bullfrogs
  Dowan (D:5)
  3 crimson imps
  4 hounds
  An orc priest (D:5)
  A gnoll shaman (D:6)
  5 orc wizards
  4 worker ants
  Ijyb (D:2)
  3 gnolls (D:6)
  8 adders
  3 oozes
  7 worms
  4 dart slugs
  2 leopard geckos
  16 orcs
  4 giant cockroaches
  9 goblins
  5 hobgoblins
  9 jackals
  19 kobolds
  2 ball pythons
  4 bats
  13 frilled lizards
  A leopard gecko skeleton (D:5)
  4 rats
142 creatures vanquished.

Vanquished Creatures (collateral kills)
  A bullfrog (D:6)
1 creature vanquished.

Vanquished Creatures (others)
  An orc (D:3)
1 creature vanquished.

Grand Total: 144 creatures vanquished

Notes
Turn   | Place    | Note
-------+----------+-------------------------------------------
     0 | D:1      | Ijustatesigmund the Hill Orc Monk began the quest for the Orb.
     0 | D:1      | Reached XP level 1. HP: 19/19 MP: 1/1
    68 | D:1      | Reached XP level 2. HP: 22/26 MP: 2/2
    77 | D:1      | Reached skill level 5 in Axes
   122 | D:1      | Reached XP level 3. HP: 10/31 MP: 3/3
  1184 | D:2      | Reached skill level 1 in Armour
  1259 | D:2      | Noticed Ijyb
  1287 | D:2      | Killed Ijyb
  1287 | D:2      | Reached XP level 4. HP: 40/40 MP: 4/4
  1378 | D:2      | Found a glowing golden altar of the Shining One.
  1663 | D:2      | Reached skill level 1 in Shields
  1743 | D:2      | Found a shimmering altar of Xom.
  1800 | D:2      | Found a sacrificial altar of Ru.
  1920 | D:2      | Noticed Sigmund
  1930 | D:2      | Killed Sigmund
  1930 | D:2      | Reached XP level 5. HP: 34/46 MP: 5/5
  1930 | D:2      | Reached XP level 6. HP: 38/52 MP: 6/6
  2234 | D:3      | Reached skill level 6 in Axes
  2340 | D:3      | Found a radiant altar of Vehumet.
  2599 | D:3      | Became a worshipper of Beogh the Brigand
  2599 | D:3      | Reached * piety under Beogh
  2599 | D:3      | Reached ** piety under Beogh
  2847 | D:4      | Reached skill level 1 in Invocations
  2847 | D:4      | Reached XP level 7. HP: 58/60 MP: 7/7
  2962 | D:4      | Noticed Blork the orc
  2971 | D:4      | Killed Blork the orc
  3606 | D:4      | Reached skill level 7 in Axes
  3614 | D:4      | Reached skill level 5 in Fighting
  4076 | D:5      | Entered Level 5 of the Dungeon
  4103 | D:5      | Found Suim's Assorted Antiques.
  4107 | D:5      | Bought a scroll labeled ODEAPI KAGEAL for 25 gold pieces
  4107 | D:5      | Bought a dark potion for 22 gold pieces
  4187 | D:5      | Reached XP level 8. HP: 48/68 MP: 10/10
  4219 | D:5      | Reached *** piety under Beogh
  4256 | D:5      | Noticed Dowan
  4259 | D:5      | Noticed Duvessa
  4457 | D:5      | Killed Dowan
  4460 | D:5      | Killed Duvessa
  4460 | D:5      | Reached skill level 8 in Axes
  4511 | D:5      | Noticed Prince Ribbit
  4552 | D:5      | Killed Prince Ribbit
  4701 | D:6      | Found Cagogrura's Food Emporium.
  4771 | D:6      | Reached skill level 5 in Invocations
  4901 | D:6      | Reached skill level 5 in Armour
  5139 | D:6      | Found a staircase to the Ecumenical Temple.
  5511 | D:6      | Reached XP level 9. HP: 73/78 MP: 13/13
  5557 | D:6      | Upgraded the game from 0.20-a0-303-g575bbf7 to 0.20-a0-309-gcba9277
  5592 | D:7      | Reached skill level 9 in Axes
  5704 | D:7      | Noticed Joseph
  5710 | D:7      | HP: 2/78 [Joseph/wand of lightning (?/15) (30)]
  5710 | D:7      | Slain by a bullfrog

Vault maps used:
D:1:      minmay_arrival_doors, grunt_decor_cap, minmay_lizard_pond
D:2:      tso_metal_star, tgw_xom, minivault_4, nicolae_ru_sacrificial_ziggurat,
          uniq_iyjb, uniq_sigmund
D:3:      fiery_altar_vehumet
D:4:      minmay_small_thing, uniq_blork_the_orc
D:5:      serial_shops, shop, first_bread, uniq_duvessa, uniq_prince_ribbit1
D:6:      serial_shops, shop
D:7:      grunt_ogre_cave, chei_slow_surprise, uniq_menkaure, uniq_joseph

Skill      XL: |  1  2  3  4  5  6  7  8  9 |
---------------+----------------------------+-----
Axes           | 5 6 7 8 9 |  9.0
Armour         | 1 2 3 5 |  5.6
Shields        | 4 |  4.7
Fighting       | 4 5 6 |  6.9
Invocations    | 1 3 5 6 |  6.0
Dodging        | |  2.4
Stealth        | |  1.5

Action                   |  1- 3 |  4- 6 |  7- 9 || total
-------------------------+-------+-------+-------++-------
Melee: Hand axe          |   115 |    26 |       ||   141
       War axe           |       |   122 |   282 ||   404
Throw: Javelin           |       |       |     3 ||     3
Invok: Convert to Beogh  |       |     1 |       ||     1
  Use: Scroll            |     2 |     8 |     8 ||    18
 Stab: Sleeping          |     1 |       |       ||     1
  Eat: Chunk             |     1 |     3 |     6 ||    10
       Pizza             |       |     1 |       ||     1
       Meat ration       |       |       |     1 ||     1
Armor: Robe              |    16 |       |       ||    16
       Chain mail        |    65 |    81 |   203 ||   349
Dodge: Dodged            |    87 |    41 |   110 ||   238
Block: Buckler           |     6 |    32 |    74 ||   112
